 Dungeon Crawl Stone Soup version 0.27.1-3-gb3d3a73c9e (webtiles) character file.

Game seed: 5192031546485158495

712266 Amplified the Axe Maniac (level 27, -1/273 HPs)
             Began as a Hill Orc Abyssal Knight on Oct 1, 2021.
             Was the Champion of Lugonu.
             Slain by an iron dragon (11 damage)
             ... on level 10 of a ziggurat on Oct 8, 2021.
             The game lasted 02:16:01 (69610 turns).

Amplified the Axe Maniac (Hill Orc Abyssal Knight) Turns: 69610, Time: 02:16:01

Health: -1/273     AC: 32    Str: 23    XL:     27
Magic:  33/33      EV: 19    Int: 12    God:    Lugonu [******]
Gold:   5348       SH:  5    Dex: 13    Spells: 38/46 levels left

rFire    + . .     SeeInvis +   f - +8 frozen axe "Frostbite" {freezing cloud, *Noise Fly rC+}
rCold    + + +     Faith    .   (shield currently unavailable)
rNeg     + + .     Spirit   .   E - +5 ring mail of Noon {rF+ Str-2 Stlth+}
rPois    +         Reflect  +   i - +1 helmet of Dramatic Exits {rN+}
rElec    +         Harm     .   H - +2 cloak {rCorr}
rCorr    +         Rampage  ∞   P - +3 pair of gauntlets of War {Slay+5}
Will     ++...                  F - +3 pair of seven-league boots {Rampage+∞}
Stlth    ++++++....             x - amulet of Giex {Reflect rC+ Regen+ SH+5}
HPRegen  1.55/turn              V - ring of Gozag's Approval {rPois rN+ Slay+3 Stlth+}
MPRegen  0.23/turn              l - ring "Buegaxi" {Fly rElec rPois rC+}

@: flying, slowed, studying Crossbows, very slow
A: see invisible, low mp 1
}: 5/15 runes: decaying, serpentine, slimy, silver, abyssal
a: Renounce Religion, Depart the Abyss, Bend Space, Banish, Corrupt, Enter the
Abyss, Brand Weapon With Distortion


You were on level 10 of a ziggurat.
You worshipped Lugonu.
Lugonu was exalted by your worship.
You visited 11 branches of the dungeon, and saw 53 of its levels.
You visited the Abyss 2 times.
You visited 1 ziggurat, and saw 10 of its levels.
You also visited: Sewer, Ice Cave and Wizlab.

You collected 10074 gold pieces.
You spent 4726 gold pieces at shops.

Inventory:

Hand Weapons
 f - the +8 frozen axe "Frostbite" (weapon) {freezing cloud, *Noise Fly rC+}
   (You found it on level 11 of the Dungeon)

   It freezes those it strikes, dealing additional cold damage.
   It can also slow down cold-blooded creatures.
   It occasionally leaves clouds of freezing vapour upon striking a foe.
   It grants immunity to clouds of freezing vapour.
   rC:        It protects you from cold.
   Fly:       It grants you flight.
   *Noise:    It may make noises in combat.
 k - the +10 morningstar "Eos" {elec, Halo rElec}
   (You found it on level 6 of a ziggurat)

   It occasionally discharges a powerful burst of electricity upon striking a
   foe.
   It grants its wielder a halo, increasing accuracy against those within it.
   rElec:     It insulates you from electricity.
 o - the +12 morningstar of Mizabrah {spect, rF+ Stlth+}
   (You found it on level 5 of the Pits of Slime)

   When its wielder attacks, the weapon's spirit leaps out and strikes again.
   The spirit shares a part of any damage it takes with its wielder.
   rF:        It protects you from fire.
   Stlth:     It makes you more stealthy.
 u - the +7 demon trident of Duty {pain, rF++ rN++ Str-3}
   (You found it in a wizard's laboratory)

   In the hands of one skilled in necromantic magic, it inflicts extra damage on
   living creatures.
   Str:       It affects your strength (-3).
   rF:        It greatly protects you from fire.
   rN:        It greatly protects you from negative energy.
Missiles
 t - 20 silver javelins
 w - 7 throwing nets (quivered)
 Y - 15 curare-tipped darts
Armour
 i - the +1 helmet of Dramatic Exits (worn) {rN+}
   (You found it in a sewer)

   rN:        It protects you from negative energy.
 v - the +9 chain mail of Icves {rN+}
   (You found it on level 8 of the Dungeon)

   rN:        It protects you from negative energy.
 E - the +5 ring mail of Noon (worn) {rF+ Str-2 Stlth+}
   (You found it on level 5 of the Pits of Slime)

   Str:       It affects your strength (-2).
   rF:        It protects you from fire.
   Stlth:     It makes you more stealthy.
 F - the +3 pair of seven-league boots (worn) {Rampage+∞}
   (You acquired it on level 4 of the Lair of Beasts)

   Its wearer moves as far as possible in that direction when moving towards
   enemies.
 H - a +2 cloak of preservation (worn)
 P - the +3 pair of gauntlets of War (worn) {Slay+5}
   (You found it on level 9 of a ziggurat)

   Slay:      It affects your accuracy & damage with ranged weapons and melee
   (+5).
 Q - a +2 crystal plate armour
Jewellery
 l - the ring "Buegaxi" (right hand) {Fly rElec rPois rC+}
   (You found it on level 1 of the Elven Halls)

   [ring of protection from cold]

   rC:        It protects you from cold.
   rElec:     It insulates you from electricity.
   rPois:     It protects you from poison.
   Fly:       It grants you flight.
 x - the amulet of Giex (around neck) {Reflect rC+ Regen+ SH+5}
   (You found it on level 7 of a ziggurat)

   [amulet of reflection]

   It reflects blocked missile attacks.
   rC:        It protects you from cold.
   Regen:     It increases your rate of health regeneration.
   SH:        It affects your SH (+5).
 B - the ring of Zoth {Drain rN+ Will+++ Str+6 SInv}
   (You acquired it on level 5 of the Pits of Slime)

   [ring of strength]

   Str:       It affects your strength (+6).
   rN:        It protects you from negative energy.
   SInv:      It lets you see invisible.
   Drain:     It drains your maximum health when unequipped.
   Will:      It greatly increases your willpower.
 S - the ring "Qimyt" {Fire Int+8 Slay+3}
   (You found it on level 2 of the Snake Pit)

   [ring of fire]

   It enhances your fire magic.
   Int:       It affects your intelligence (+8).
   Slay:      It affects your accuracy & damage with ranged weapons and melee
   (+3).
   rF:        It protects you from fire.
   rC:        It makes you vulnerable to cold.
 V - the ring of Gozag's Approval (left hand) {rPois rN+ Slay+3 Stlth+}
   (You found it in an ice cave)

   [ring of positive energy]

   Slay:      It affects your accuracy & damage with ranged weapons and melee
   (+3).
   rPois:     It protects you from poison.
   rN:        It protects you from negative energy.
   Stlth:     It makes you more stealthy.
Wands
 n - a wand of paralysis (33)
 s - a wand of iceblast (36)
 C - a wand of charming (35)
 J - a wand of digging (11)
 M - a wand of mindburst (39)
Scrolls
 a - 35 scrolls of identify
 d - 11 scrolls of amnesia
 g - 8 scrolls of magic mapping
 A - 4 scrolls of fear
 D - a scroll of holy word
 I - 8 scrolls of immolation
 L - 16 scrolls of teleportation
 R - 3 scrolls of summoning
 U - a scroll of silence
 W - 6 scrolls of fog
 X - 3 scrolls of enchant armour
 Z - a scroll of enchant weapon
Potions
 b - 5 potions of cancellation
 c - 4 potions of berserk rage
 e - 2 potions of invisibility
 h - 3 potions of might
 p - 7 potions of brilliance
 q - 3 potions of haste
 r - a potion of lignification
 z - 4 potions of heal wounds
 G - 24 potions of curing
 K - 3 potions of ambrosia
 O - 7 potions of mutation
 T - 2 potions of magic
Miscellaneous
 j - a condenser vane (inert)
 m - a phantom mirror
 y - a lightning rod (4/4)
 N - a tin of tremorstones (1/2)


   Skills:
 O Level 27 Fighting
 O Level 27 Axes
 - Level 8.9(17.8) Polearms
 - Level 23.4 Armour
 - Level 18.9 Dodging
 - Level 11.8 Stealth
 * Level 10.2 Spellcasting
 - Level 12.9 Hexes
 * Level 13.7 Summonings
 - Level 12.6 Invocations
 - Level 12.0 Evocations


You had 38 spell levels left.
You knew the following spells:

 Your Spells              Type           Power      Damage    Failure   Level
a - Passwall              Tmut/Erth      5%         N/A       22%         2
b - Shadow Creatures      Summ           N/A        N/A       8%          6

Your spell library contained the following spells:

 Spells                   Type           Power      Damage    Failure   Level
 Corona                   Hex            41%        N/A       1%          1
 Summon Small Mammal      Summ           100%       N/A       1%          1
 Call Imp                 Summ           39%        N/A       1%          2
 Ensorcelled Hibernation  Hex/Ice        42%        N/A       1%          2
 Slow                     Hex            37%        N/A       1%          2
 Call Canine Familiar     Summ           39%        N/A       1%          3
 Confusing Touch          Hex            37%        N/A       1%          3
 Summon Guardian Golem    Hex/Summ       38%        N/A       1%          3
 Tukima's Dance           Hex            37%        N/A       1%          3
 Cause Fear               Hex            18%        N/A       1%          4
 Dazzling Flash           Conj/Hex       42%        N/A       3%          3
 Inner Flame              Hex/Fire       21%        N/A       3%          3
 Portal Projectile        Hex/Tloc       42%        N/A       3%          3
 Animate Armour           Summ/Erth      44%        N/A       9%          4
 Summon Lightning Spire   Summ/Air       22%        N/A       9%          4
 Fulminant Prism          Conj/Hex       10%        3d9       10%         4
 Leda's Liquefaction      Hex/Erth       10%        N/A       10%         4
 Invisibility             Hex            18%        N/A       11%         6
 Animate Skeleton         Necr           12%        N/A       14%         1
 Apportation              Tloc           12%        N/A       14%         1
 Beastly Appendage        Tmut           12%        N/A       14%         1
 Magic Dart               Conj           24%        1d4       14%         1
 Pain                     Necr           24%        1d5       14%         1
 Sting                    Tmut/Pois      24%        1d4       14%         1
 Blink                    Tloc           N/A        N/A       22%         2
 Corpse Rot               Necr/Air       N/A        N/A       22%         2
 Poisonous Vapours        Pois/Air       12%        N/A       22%         2
 Searing Ray              Conj           12%        3d3       22%         2
 Static Discharge         Conj/Air       6%         N/A       22%         2
 Sublimation of Blood     Necr           3%         N/A       22%         2
 Wereblood                Tmut           6%         N/A       22%         2
 Summon Forest            Summ/Tloc      11%        N/A       24%         5
 Metabolic Englaciation   Hex/Ice        10%        N/A       28%         5
 Silence                  Hex/Air        10%        N/A       28%         5
 Yara's Violent Unravell  Hex/Tmut       10%        3d6       28%         5
 Lesser Beckoning         Tloc           3%         N/A       41%         3
 Mephitic Cloud           Conj/Pois/Air  6%         N/A       41%         3
 Ozocubu's Armour         Ice            6%         N/A       41%         3
 Spider Form              Tmut/Pois      3%         N/A       41%         3
 Stone Arrow              Conj/Erth      12%        3d7       41%         3
 Teleport Other           Tloc           6%         N/A       41%         3
 Vampiric Draining        Necr           3%         2d6       41%         3
 Monstrous Menagerie      Summ           19%        N/A       41%         7
 Summon Hydra             Summ           19%        N/A       41%         7
 Airstrike                Air            3%         N/A       82%         4
 Animate Dead             Necr           3%         N/A       82%         4
 Dispel Undead            Necr           6%         3d8       82%         4
 Hailstorm                Conj/Ice       6%         3d4       82%         4
 Ice Form                 Ice/Tmut       6%         N/A       82%         4
 Iskenderun's Mystic Bla  Conj/Tloc      6%         2d4       82%         4
 Olgreb's Toxic Radiance  Pois           6%         N/A       82%         4
 Passage of Golubria      Tloc           N/A        N/A       82%         4
 Petrify                  Tmut/Erth      6%         N/A       82%         4
 Summon Horrible Things   Summ           19%        N/A       98%         8
 Agony                    Necr           6%         N/A       99%         5
 Alistair's Intoxication  Tmut/Pois      4%         N/A       99%         5
 Blade Hands              Tmut           3%         N/A       99%         5
 Borgnjor's Vile Clutch   Necr/Erth      3%         N/A       99%         5
 Excruciating Wounds      Necr           3%         N/A       99%         5
 Fireball                 Conj/Fire      3%         3d4       99%         5
 Freezing Cloud           Conj/Ice/Air   3%         6-21      99%         5
 Irradiate                Conj/Tmut      3%         3d14      99%         5
 Lee's Rapid Deconstruct  Erth           3%         3d6*      99%         5
 Lightning Bolt           Conj/Air       3%         1d14      99%         5
 Manifold Assault         Tloc           6%         N/A       99%         5
 Discord                  Hex            18%        N/A       99%         8
 Death Channel            Necr           3%         N/A       100%        6
 Dispersal                Tloc           3%         N/A       100%        6
 Eringya's Noxious Bog    Tmut/Pois      3%         N/A       100%        6
 Iron Shot                Conj/Erth      3%         9d2       100%        6
 Simulacrum               Ice/Necr       3%         N/A       100%        6
 Starburst                Conj/Fire      3%         6d3       100%        6
 Statue Form              Tmut/Erth      4%         N/A       100%        6
 Dragon Form              Tmut           3%         N/A       100%        7
 Haunt                    Necr/Summ      11%        N/A       100%        7
 Malign Gateway           Summ/Tloc      11%        N/A       100%        7
 Spellforged Servitor     Conj/Summ      11%        N/A       100%        7
 Storm Form               Tmut/Air       3%         N/A       100%        7
 Borgnjor's Revivificati  Necr           3%         N/A       100%        8
 Disjunction              Tloc           3%         N/A       100%        8
 Ignition                 Fire           3%         3d4       100%        8
 Infestation              Necr           3%         N/A       100%        8
 Lehudib's Crystal Spear  Conj/Erth      3%         10d2      100%        8
 Necromutation            Tmut/Necr      3%         N/A       100%        8
 Death's Door             Necr           3%         N/A       100%        9
 Dragon's Call            Summ           19%        N/A       100%        9
 Fire Storm               Conj/Fire      3%         8d1       100%        9


Dungeon Overview and Level Annotations

Branches:
Dungeon (15/15)            Temple (1/1) D:7            Lair (6/6) D:8
  Swamp (4/4) Lair:3        Snake (4/4) Lair:3        Slime (5/5) Lair:6
    Orc (2/2) D:10            Elf (3/3) Orc:2        Vaults (5/5) D:13
  Crypt (3/3) Vaults:3       Tomb (0/3) Crypt:3      Depths (5/5) D:15
    Zot (0/5) Depths:5      Sewer (visited)           IceCv (visited)
 WizLab (visited)

Altars:
Ashenzari
Elyvilon
Kikubaaqudgha
Makhleb
Nemelex Xobeh
Okawaru
Qazlal
Ru
Trog
Vehumet
Wu Jian
Yredelemnul
Zin
Jiyva

Shops:
D:8 =   D:14 :   D:15 !   Orc:1 *   Orc:2 !?(*   Elf:1 ![   Snake:3 ([(*
Snake:4 ((   Vaults:1 !   Vaults:2 =   Vaults:3 [   Vaults:4 [   Vaults:5 [=
Depths:2 *

Portals:
Hell: Lair:6 Depths:1 Depths:2 Depths:3 Depths:4 Depths:5
Abyss: Lair:4 Depths:1 Depths:3 Depths:4
Pandemonium: Depths:3 Depths:5

Annotations:
Snake:3 Elves. Will+
Elf:2 3 runed translucent doors
Vaults:5 Mennas
Depths:4 Abyss, Vaults, Elf, Slime
Abyss:1 Erica


Innate Abilities, Weirdness & Mutations

You have supernaturally acute eyesight. (SInv)
Your magical capacity is low. (-10% MP)


Message History

The Hell Sentinel gestures at you. The iron shot hits you!!!
The war gargoyle hits you with a +0 morningstar.
The stone giant hits you!!
* * * LOW HITPOINT WARNING * * *
The Hell Sentinel hits you but does no damage.
The Hell Sentinel misses you.
Unknown command.
Okay, then.
Unknown command.
Unknown command.
Okay, then.
As you read the scroll of holy word, it crumbles to dust.
You speak a Word of immense power!
The Hell Sentinel convulses! x2
The gargoyle hurls a stone arrow at you.
The stone arrow hits you!
* * * LOW HITPOINT WARNING * * *
The gargoyle hurls a stone arrow at you.
The stone arrow misses you.
The stone arrow hits the Hell Sentinel!
The war gargoyle launches metal splinters at you.
The spray of metal splinters hits you but does no damage.
The spray of metal splinters hits the gargoyle!
The boulder beetle bites you.
* * * LOW HITPOINT WARNING * * *
The iron dragon misses you. The iron dragon completely misses you.
The iron dragon tramples you but does no damage.
The Hell Sentinel hits you!
* * * LOW HITPOINT WARNING * * *
The Hell Sentinel hits you but does no damage.
The stone giant hits you!!
* * * LOW HITPOINT WARNING * * *
The Hell Sentinel gestures at you. The iron shot misses you.
The iron shot hits the gargoyle!!!
The gargoyle is destroyed!
The gargoyle hurls a stone arrow at you.
The stone arrow misses you.
The stone arrow misses the war gargoyle.
The boulder beetle barely misses you. The war gargoyle closely misses you.
The iron dragon bites you!
You die...

▓▓▓▓▓▓▓▓▓▓▓
▓▓....°....▓▓
▓▓....°......▓▓
▓▓?...°........▓▓
▓▓??○○○..........▓▓
▓▓∩?9CB............▓▓
▓!>w1@B...........∩.▓
▓▓∩?1D9............▓▓
▓▓=?.............▓▓
▓▓.............▓▓
▓▓...........▓▓
▓▓.........▓▓
▓▓▓▓▓▓▓▓▓▓▓


You could see 2 Hell Sentinels, an iron dragon, a stone giant, 2 boulder
beetles, a torpor snail, a war gargoyle and a gargoyle.

Vanquished Creatures
  the Royal Jelly (Slime:5)
  An ancient lich (Crypt:3)
  Mara (Vaults:2)
  7 juggernauts
  The ghost of Iluqes the Slayer, a veteran MiBe of Trog (Depths:2)
  Saint Roka (Snake:4)
  Sojobo (Vaults:2)
  Margery (Vaults:2)
  A shard shrike (shapeshifter) (Vaults:3)
  Xtahua (Depths:4)
  The ghost of lmSkywalker the Warrior, an adept DrTm of Okawaru (Depths:2)
  Frederick (Depths:4)
  12 caustic shrikes
  A golden dragon (shapeshifter) (Depths:5)
  A Hellbinder (WizLab)
  Jory (Crypt:3)
  5 golden dragons
  A bone dragon (Abyss:2)
  Nikola (Depths:1)
  A pandemonium lord (Zig:4)
  The ghost of Xutext the Spry, an adept DsAK of Lugonu (Depths:4)
  16 tentacled monstrosities
  Jorgrun (Swamp:1)
  4 liches
  Asterion (Snake:3)
  8 titans
  7 quicksilver dragons
  22 acid blobs
  A sphinx (shapeshifter) (D:14)
  12 sphinxes
  2 ancient champions (Crypt:3)
  Kirke (Lair:5)
  8 tengu reavers
  3 tentacled starspawn
  2 thorn hunters
  7 storm dragons
  6 azure jellies
  5 shadow dragons
  Donald (Snake:3)
  4 nagarajas (Snake:4)
  A draconian monk (Depths:5)
  2 fenstrider witches
  15 frost giants
  An azure jelly (shapeshifter) (Vaults:5)
  3 orc warlords
  7 rockslimes
  11 vault wardens
  A draconian knight (Zig:7)
  16 fire giants
  2 deep elf sorcerers
  8 ghouls
  A curse skull (Vaults:3)
  5 iron dragons
  Louise (Depths:1)
  3 deep elf elementalists (Depths:5)
  6 cacodemons
  2 draconian annihilators
  3 spriggan defenders
  A reaper (Crypt:3)
  2 draconian stormcallers (Zig:7)
  2 war gargoyles
  21 ironbound preservers
  A green draconian (Zig:7)
  28 stone giants
  2 deep elf demonologists
  7 quicksilver oozes
  52 very ugly things
  A red draconian (Zig:7)
  A black sun (WizLab)
  11 vampire knights
  The ghost of runemage the Blocker, a journeyman GnFi of Ashenzari (Lair:4)
  A dire elephant (Vaults:3)
  2 deep elf annihilators (Vaults:5)
  7 bunyips
  7 spark wasps
  A white draconian (Zig:7)
  6 entropy weavers
  2 lorocyprocas
  A merfolk javelineer (Abyss:3)
  2 eidola (Crypt:1)
  7 deep elf death magi
  3 blizzard demons
  13 jiangshi
  5 eleionomae
  11 deep elf high priests
  11 yaktaur captains
  3 green deaths
  24 ettins
  Josephine (Lair:5)
  The ghost of vandaahl the Cleaver, a journeyman MiFi of Okawaru (Lair:1)
  16 fire dragons
  9 ironbound thunderhulks
  3 peacekeepers
  28 vault guards
  A fenstrider witch zombie (Crypt:2)
  12 naga warriors
  3 rakshasas
  22 hydras
  17 great orbs of eyes
  5 salamander tyrants
  20 ice dragons
  An ice dragon (shapeshifter) (Vaults:5)
  2 spriggan air magi
  2 anacondas (shapeshifter)
  A monstrous demonspawn (Depths:3)
  5 ironbound frosthearts
  A two-headed ogre (shapeshifter) (Vaults:5)
  4 ghost crabs
  4 hell beasts
  4 catoblepae
  2 ogre magi
  4 boulder beetles
  17 centaur warriors
  8 anacondas
  2 death knights (Crypt:1)
  8 two-headed ogres
  The ghost of DoubleLucky the Summoner, a journeyman TeSu of Vehumet (Lair:1)
  7 alligators
  10 dancing weapons
  A satyr (Abyss:3)
  4 death yaks
  3 orc high priests
  11 tengu warriors
  5 ironbound beastmasters
  8 deep troll shamans
  10 deep troll earth magi
  5 shock serpents
  5 naga sharpshooters
  A titan zombie (Crypt:2)
  A storm dragon zombie (Crypt:1)
  2 spriggan berserkers (Depths:5)
  4 thrashing horrors
  22 vampire magi
  A sun demon (WizLab)
  4 soul eaters
  2 titan skeletons
  18 deep elf knights
  4 salamander mystics
  9 hell knights
  7 fire crabs
  7 iron trolls
  3 wretched stars
  3 goliath frogs
  Nergalle (Orc:1)
  A fire crab (shapeshifter) (D:15)
  3 shadow wraiths
  11 skeletal warriors
  4 sixfirhies
  10 swamp dragons
  2 death drakes (Depths:3)
  9 glowing orange brains
  A golden dragon zombie (Crypt:3)
  5 spriggan druids
  A shadow demon (WizLab)
  32 deep trolls
  8 deep elf archers
  6 flayed ghosts
  An obsidian statue (IceCv)
  6 naga ritualists
  An anaconda zombie (Abyss:1)
  16 bog bodies
  10 wizards
  10 lindwurms
  3 harpies (Vaults:3)
  21 ironbound convokers
  16 orc knights
  A golden dragon skeleton (Crypt:1)
  A shadow dragon zombie (Vaults:4)
  19 phantasmal warriors
  7 necromancers
  A lindwurm (shapeshifter) (Vaults:1)
  23 deep elf pyromancers
  4 orc sorcerers
  3 oklob plants
  5 will-o-the-wisps
  12 mana vipers
  3 stone giant zombies
  2 iron dragon zombies (Crypt:3)
  11 cyclopes
  22 deep elf zephyrmancers
  A wolf spider (D:14)
  2 fire giant zombies (Crypt:3)
  62 ugly things
  A harpy (shapeshifter) (Depths:5)
  2 manticores
  6 shining eyes
  13 salamanders
  A goliath frog skeleton (Crypt:1)
  A fire giant skeleton (Depths:1)
  A dire elephant zombie (Crypt:2)
  4 moths of wrath
  3 worldbinders
  3 apocalypse crabs
  A frost giant skeleton (Depths:1)
  4 rust devils
  7 torpor snails
  5 guardian serpents
  10 elephants
  6 smoke demons
  A gargoyle (D:14)
  16 naga magi
  19 vault sentinels
  31 black mambas
  A torpor snail (shapeshifter) (Zig:6)
  6 eyes of devastation
  5 orange demons
  Psyche (Abyss:1)
  13 cane toads
  A green draconian zombie (Crypt:3)
  23 yaktaurs
  An unseen horror (D:13)
  6 rime drakes
  20 freezing wraiths
  2 tengu conjurers
  4 golden dragon simulacra
  3 efreet
  An elf zombie (Zig:2)
  6 ice devils
  5 hellwings
  7 red devils
  7 komodo dragons
  10 ancient zymes
  A purple draconian skeleton (Crypt:3)
  3 anaconda simulacra
  2 bloated husks (Swamp:3)
  2 polar bears (Lair:6)
  10 hornets
  4 trolls
  A jumping spider (shapeshifter) (Abyss:1)
  A hydra zombie (Crypt:3)
  A polar bear (shapeshifter) (Vaults:5)
  A sphinx simulacrum (Vaults:4)
  3 meliai (D:13)
  A meliai (shapeshifter) (Elf:2)
  14 blink frogs
  9 dream sheep
  11 tyrant leeches
  6 raiju
  A slime creature (shapeshifter) (Vaults:5)
  123 slime creatures
  A guardian serpent zombie (Crypt:3)
  A boulder beetle zombie (Crypt:2)
  An alligator zombie (Crypt:3)
  A raiju (shapeshifter) (D:14)
  A human simulacrum (Vaults:4)
  3 air elementals
  A snapping turtle (shapeshifter) (Zig:6)
  An ettin zombie (Crypt:3)
  7 flying skulls
  An ice dragon zombie (Crypt:1)
  15 starcursed masses
  4 ice dragon skeletons
  13 water elementals
  A fire dragon skeleton (Depths:1)
  A redback (Vaults:5)
  85 yaks
  An ettin skeleton (Depths:1)
  3 shadows
  A tarantella (shapeshifter) (Vaults:2)
  11 wraiths
  5 dire elephant simulacra (IceCv)
  A wind drake zombie (Crypt:1)
  17 spriggans
  3 spriggan simulacra
  21 vampires (Crypt:3)
  5 ynoxinuls
  An elf skeleton (Vaults:4)
  2 fire elementals
  11 wyverns
  2 hogs (Lair:5)
  2 neqoxecs
  8 small abominations
  17 humans
  2 fire bats
  4 golden eyes
  4 basilisks
  5 chaos spawn
  A steam dragon (D:8)
  15 large abominations
  11 vampire mosquitoes
  A steam dragon (shapeshifter) (Vaults:5)
  A minotaur simulacrum (IceCv)
  9 wargs
  14 swamp worms
  Edmund (D:6)
  A harpy simulacrum (IceCv)
  45 nagas
  2 hydra simulacra (IceCv)
  An acid dragon (D:10)
  A merfolk skeleton (Crypt:1)
  A gelid demonspawn skeleton (Crypt:2)
  9 floating eyes
  17 water moccasins
  7 swamp drakes
  51 orc warriors
  An ettin simulacrum (IceCv)
  3 hell hounds (Lair:6)
  2 hornet zombies
  A manticore zombie (Crypt:3)
  A swamp dragon zombie (Crypt:1)
  2 black bears
  A black bear (shapeshifter) (D:14)
  4 necrophages
  3 sky beasts
  5 alligator simulacra (IceCv)
  9 centaurs (Orc:2)
  An ogre (shapeshifter) (Lair:4)
  18 ogres
  A snapping turtle skeleton (Abyss:2)
  21 wolves
  An elephant skeleton (Crypt:3)
  A swamp dragon skeleton (Crypt:1)
  3 kobold brigands
  Blork the orc (D:5)
  A draconian zombie (Crypt:2)
  10 bullfrogs
  A scorpion (D:5)
  3 deep troll simulacra (IceCv)
  A merfolk simulacrum (Crypt:1)
  3 earth elementals
  2 killer bees
  4 lindwurm simulacra (IceCv)
  A raiju skeleton (Crypt:3)
  A troll skeleton (Crypt:3)
  5 wights
  3 electric eels (Elf:3)
  7 howler monkeys
  5 centaur zombies
  A crimson imp (Orc:2)
  2 quasits (Abyss:1)
  A bullfrog skeleton (D:6)
  4 hounds (Lair:2)
  3 jellies
  17 orc priests
  3 centaur skeletons
  A gnoll shaman (D:6)
  6 iron imps
  Jessica (D:3)
  Terence (D:3)
  22 orc wizards
  4 hell rats (Lair:6)
  2 howler monkey zombies
  10 gnolls
  7 adders
  A howler monkey skeleton (D:7)
  4 shadow imps
  8 white imps
  2 ufetubi
  2 dart slugs
  6 worms
  83 orcs
  11 endoplasms
  9 giant cockroaches
  6 goblins
  7 hobgoblins
  14 jackals
  A quokka (D:1)
  3 training dummies (Snake:4)
  10 ball pythons
  8 bats
  3 frilled lizards
  A goblin skeleton (Crypt:1)
  A jackal zombie (Crypt:1)
  23 kobolds
  A kobold skeleton (Crypt:1)
  A kobold zombie (Crypt:3)
  16 rats
  A river rat zombie (Crypt:1)
  5 briar patches (Abyss:3)
  3 lurking horrors
  A plant (Depths:1)
  3 starspawn tentacles
2542 creatures vanquished.

Vanquished Creatures (collateral kills)
  A rockslime (Slime:5)
  A dancing weapon (Elf:3)
2 creatures vanquished.

Vanquished Creatures (others)
  A blizzard demon (Zig:4)
  A deep elf knight (Elf:3)
  A wizard (Lair:6)
  An ugly thing (Depths:1)
  A naga mage (Snake:4)
  A gargoyle (Zig:10)
  A troll (Orc:2)
  A bloated husk (Swamp:1)
  A human (Lair:5)
  2 small abominations
  A naga (Snake:4)
  A hell hound (Lair:6)
  2 orc warriors
  3 orcs (Orc:2)
  3 bushes
  14 foxfires
  42 fungi
  A lurking horror (Abyss:2)
  68 plants
  8 starspawn tentacles
  7 withered plants
161 creatures vanquished.

Grand Total: 2705 creatures vanquished

Notes
Turn   | Place    | Note
-------+----------+-------------------------------------------
     0 | Abyss:1  | Amplified the Hill Orc Abyssal Knight began the quest for
                  | the Orb.
     0 | Abyss:1  | Reached XP level 1. HP: 19/19 MP: 2/2
    74 | Abyss:1  | Noticed a ynoxinul
    75 | D:1      | Escaped the Abyss
   286 | D:2      | Reached skill level 1 in Dodging
   286 | D:2      | Reached XP level 2. HP: 23/27 MP: 3/3
   394 | D:3      | Reached * piety under Lugonu
   450 | D:3      | Noticed Terence
   639 | D:2      | Reached XP level 3. HP: 33/33 MP: 5/5
  1507 | D:1      | Reached XP level 4. HP: 37/40 MP: 6/6
  1725 | D:1      | Reached ** piety under Lugonu
  2141 | D:1      | Found a faded altar of an unknown god.
  2337 | D:3      | Killed Terence
  2381 | D:3      | Reached XP level 5. HP: 28/47 MP: 7/7
  2865 | D:3      | Noticed Jessica
  2870 | D:3      | Killed Jessica
  3134 | D:3      | Noticed an ogre
  3141 | D:3      | Killed an ogre
  3142 | D:3      | Reached XP level 6. HP: 55/55 MP: 7/9
  3694 | D:4      | Found a sacrificial altar of Ru.
  4053 | D:4      | Noticed a moth of wrath
  4056 | D:4      | Found a bloodstained altar of Trog.
  4092 | D:4      | Reached skill level 5 in Fighting
  4442 | D:5      | Entered Level 5 of the Dungeon
  4702 | D:5      | Noticed a yak
  4702 | D:5      | Noticed a yak
  4704 | D:5      | Noticed a yak
  4802 | D:6      | Noticed a sky beast
  4823 | D:6      | Noticed an orc warrior
  5001 | D:6      | Found a sand-covered staircase.
  5001 | D:6      | Noticed Edmund
  5094 | D:6      | Found a glowing drain.
  5103 | Sewer    | Entered a sewer
  5204 | Sewer    | Reached skill level 1 in Polearms
  5204 | Sewer    | Reached *** piety under Lugonu
  5633 | Sewer    | Reached XP level 7. HP: 56/61 MP: 10/10
  5645 | Sewer    | Identified the +1 helmet of Dramatic Exits {rN+}
  5732 | D:6      | Reached skill level 5 in Invocations
  5990 | D:6      | Killed Edmund
  6006 | D:6      | Reached XP level 8. HP: 46/70 MP: 12/12
  6017 | D:6      | Reached skill level 5 in Armour
  6937 | D:5      | Noticed a yak
  7441 | D:5      | Killed a yak
  7446 | D:5      | Gained mutation: You occasionally shout uncontrollably at
                  | your foes. [potion of mutation]
  7454 | D:5      | Banished a yak
  7727 | D:5      | Killed a yak
  7728 | D:5      | Reached XP level 9. HP: 79/79 MP: 14/14
  7948 | D:5      | Noticed Blork the orc
  7953 | D:5      | Killed Blork the orc
  9035 | D:7      | Found a staircase to the Ecumenical Temple.
  9088 | Temple   | Entered the Ecumenical Temple
  9414 | D:7      | Found a broken altar of Ashenzari.
  9467 | D:7      | Reached skill level 5 in Polearms
  9962 | D:7      | Identified the +4 spear of Proximity {holy, rC++ rCorr
                  | Int+4 Dex-3 Stlth+}
 10410 | D:8      | Found Hoesyoga's Jewellery Shop.
 10414 | D:8      | Noticed Maurice
 10825 | D:8      | Lost mutation: You occasionally shout uncontrollably at
                  | your foes. [potion of mutation]
 10825 | D:8      | Gained mutation: You are frail. (-10% HP) [potion of
                  | mutation]
 10825 | D:8      | Gained mutation: You are strong-willed. (Will+) [potion of
                  | mutation]
 11341 | D:9      | Noticed a two-headed ogre
 11473 | D:10     | Entered Level 10 of the Dungeon
 11555 | D:9      | Reached skill level 5 in Dodging
 11570 | D:9      | Reached XP level 10. HP: 69/79 MP: 16/16
 11806 | D:9      | Noticed a torpor snail
 11806 | D:9      | a two-headed ogre changed into a torpor snail
 11840 | D:9      | Banished a torpor snail
 12394 | D:8      | Noticed Erica
 12408 | D:8      | Banished Erica
 12602 | D:7      | Found a glowing silver altar of Zin.
 13148 | D:8      | Noticed Psyche
 13234 | D:8      | Noticed Maurice
 13234 | D:8      | Maurice changed into Maurice the fire bat
 13242 | D:8      | Killed Maurice the fire bat
 13243 | D:8      | Reached XP level 11. HP: 68/87 MP: 18/18
 13381 | D:8      | Banished Psyche
 13385 | D:8      | Reached skill level 10 in Invocations
 13525 | D:8      | Identified the +9 chain mail of Icves {rN+}
 13558 | D:8      | Found a staircase to the Lair.
 13633 | D:8      | Bought a ring of protection from cold for 275 gold pieces
 13881 | D:8      | Reached skill level 10 in Fighting
 14285 | D:10     | Reached **** piety under Lugonu
 14573 | D:10     | Found a staircase to the Orcish Mines.
 15272 | D:11     | Noticed a seven-headed hydra
 15276 | D:11     | Banished a seven-headed hydra
 15301 | D:11     | Noticed a cyclops
 15313 | D:11     | Banished a cyclops
 15483 | D:11     | Noticed a two-headed ogre
 15494 | D:11     | Killed a two-headed ogre
 15654 | D:11     | Reached XP level 12. HP: 97/97 MP: 20/20
 15819 | D:11     | Got the Tome of Creation and Moulding
 15881 | D:11     | Found the +8 frozen axe "Frostbite" {freezing cloud, *Noise
                  | Fly rC+}
 16479 | Lair:1   | Entered Level 1 of the Lair of Beasts
 16538 | Orc:1    | Entered Level 1 of the Orcish Mines
 16594 | Orc:1    | Noticed Nergalle
 16615 | Orc:1    | Killed Nergalle
 16696 | Orc:1    | Reached skill level 5 in Axes
 16702 | Orc:1    | Reached skill level 10 in Armour
 16990 | Orc:1    | Found Poasivem's Practical Paraphernalia.
 17061 | Orc:2    | Entered Level 2 of the Orcish Mines
 17184 | Lair:1   | Noticed a six-headed hydra
 17240 | Lair:1   | Noticed a five-headed hydra
 17247 | Lair:1   | Noticed a six-headed hydra
 17249 | Lair:1   | Banished a six-headed hydra
 17330 | Lair:1   | Killed a five-headed hydra
 17515 | Lair:1   | Found a stormy altar of Qazlal.
 17602 | Lair:1   | Found a runed translucent gate.
 17603 | Lair:1   | Found a runed translucent gate.
 17605 | Lair:1   | Found a runed translucent gate.
 17606 | Lair:1   | Noticed vandaahl's ghost (journeyman MiFi)
 17606 | Lair:1   | Noticed DoubleLucky's ghost (journeyman TeSu)
 17636 | Lair:1   | Killed a six-headed hydra
 17637 | Lair:1   | Reached XP level 13. HP: 39/105 MP: 22/22
 18847 | Lair:2   | Reached ***** piety under Lugonu
 18921 | Lair:3   | Reached skill level 10 in Axes
 18963 | Lair:3   | Found a staircase to the Snake Pit.
 19373 | Lair:3   | Found a runed translucent door.
 19497 | Lair:3   | Found a staircase to the Swamp.
 19686 | Lair:4   | Found a one-way gate to the infinite horrors of the Abyss.
 19686 | Lair:4   | Noticed runemage's ghost (journeyman GnFi)
 19692 | Lair:4   | Found a transporter.
 19746 | Lair:4   | Identified a scroll of acquirement
 19992 | Lair:4   | Reached XP level 14. HP: 108/116 MP: 23/23
 20132 | Lair:4   | Found a transporter.
 20171 | Lair:4   | Acquired the +3 pair of seven-league boots {Rampage+∞}
 20171 | Lair:4   | Found the +3 pair of seven-league boots {Rampage+∞}
 20485 | Lair:5   | Noticed Kirke
 20498 | Lair:5   | Killed Kirke
 20955 | Lair:5   | Noticed Josephine
 20957 | Lair:5   | Killed Josephine
 21334 | Lair:6   | Entered Level 6 of the Lair of Beasts
 21439 | Lair:6   | Reached skill level 15 in Fighting
 21547 | Lair:6   | Reached skill level 15 in Axes
 21841 | Lair:6   | Reached XP level 15. HP: 124/128 MP: 24/24
 21965 | Lair:6   | Found a staircase to the Slime Pits.
 22092 | Lair:6   | Found a burning altar of Makhleb.
 22219 | Lair:6   | Found a gateway to Hell.
 23515 | Orc:2    | Noticed an orc warlord
 23569 | Orc:2    | Killed an orc warlord
 23830 | Orc:2    | Reached ****** piety under Lugonu
 23929 | Orc:2    | Found Daihat's Weapon Emporium.
 23929 | Orc:2    | Found Waem's Magic Scroll Boutique.
 23929 | Orc:2    | Found Otyekuaz's Distillery.
 23932 | Orc:2    | Found Piplad's Assorted Antiques.
 23937 | Orc:2    | Bought a scroll of teleportation for 42 gold pieces
 23937 | Orc:2    | Bought a scroll of fear for 49 gold pieces
 23937 | Orc:2    | Bought a scroll of acquirement for 728 gold pieces
 23937 | Orc:2    | Bought a scroll of enchant armour for 105 gold pieces
 23937 | Orc:2    | Bought a scroll of magic mapping for 49 gold pieces
 23939 | Orc:2    | Bought a potion of heal wounds for 70 gold pieces
 23939 | Orc:2    | Bought 2 potions of heal wounds for 140 gold pieces
 23939 | Orc:2    | Bought a potion of ambrosia for 112 gold pieces
 23939 | Orc:2    | Bought a potion of ambrosia for 112 gold pieces
 23939 | Orc:2    | Bought a potion of curing for 42 gold pieces
 23944 | Orc:2    | Acquired 653 gold pieces
 23946 | Orc:2    | Bought a golden ring for 160 gold pieces
 23946 | Orc:2    | Bought a tourmaline ring for 160 gold pieces
 24055 | Orc:2    | Found a staircase to the Elven Halls.
 25394 | D:13     | Found a gate to the Vaults.
 25521 | D:13     | Reached XP level 16. HP: 75/141 MP: 23/25
 26012 | D:13     | Found a stormy altar of Qazlal.
 26488 | D:15     | Entered Level 15 of the Dungeon
 26557 | D:14     | Found Ydoyzyth's Book Boutique.
 26670 | D:14     | Got A Primer on Wizardry
 26867 | D:15     | Found Xuwneg's Distillery.
 26880 | D:15     | Bought a potion of heal wounds for 60 gold pieces
 26880 | D:15     | Bought a potion of heal wounds for 60 gold pieces
 26880 | D:15     | Bought a potion of might for 48 gold pieces
 26880 | D:15     | Bought a potion of might for 48 gold pieces
 26880 | D:15     | Bought a potion of might for 48 gold pieces
 26880 | D:15     | Bought a potion of mutation for 96 gold pieces
 26880 | D:15     | Lost mutation: You are frail. (-10% HP) [potion of
                  | mutation]
 26880 | D:15     | Gained mutation: You tend to lose your temper in combat.
                  | [potion of mutation]
 26880 | D:15     | Gained mutation: Your body sometimes deteriorates upon
                  | taking damage. [potion of mutation]
 26880 | D:15     | Gained mutation: You have supernaturally acute eyesight.
                  | (SInv) [potion of mutation]
 26881 | D:15     | Bought a potion of curing for 36 gold pieces
 26881 | D:15     | Bought a potion of curing for 36 gold pieces
 26881 | D:15     | Bought a potion of curing for 36 gold pieces
 26881 | D:15     | Bought a potion of haste for 120 gold pieces
 26910 | D:15     | Noticed Nessos
 26921 | D:15     | Noticed Nessos
 26921 | D:15     | Nessos changed into Nessos the floating eye
 26922 | D:15     | Killed Nessos the floating eye
 27073 | D:15     | Noticed a tengu reaver
 27080 | D:15     | Noticed a sphinx
 27088 | D:15     | Killed a tengu reaver
 27090 | D:15     | Killed a sphinx
 27178 | D:15     | Identified the +7 spear "Fumocvytt" {antimagic, rElec
                  | Dex+3}
 27271 | D:15     | Found a staircase to the Depths.
 27437 | D:15     | Found an ancient bone altar of Kikubaaqudgha.
 27570 | D:14     | Identified the +2 pair of gloves "Numoor" {rCorr Dex-2 SInv
                  | Stlth+}
 27600 | D:14     | Noticed a sphinx
 27600 | D:14     | a dire elephant changed into a sphinx
 27601 | D:14     | Killed a sphinx
 27818 | Orc:2    | Bought a potion of mutation for 112 gold pieces
 27818 | Orc:2    | Bought a potion of mutation for 112 gold pieces
 27818 | Orc:2    | Lost mutation: You tend to lose your temper in combat.
                  | [potion of mutation]
 27818 | Orc:2    | Lost mutation: Your body sometimes deteriorates upon taking
                  | damage. [potion of mutation]
 27818 | Orc:2    | Gained mutation: You expend magic power (3 MP) to
                  | strengthen your wands. [potion of mutation]
 27818 | Orc:2    | Gained mutation: You possess an exceptional clarity of
                  | mind. [potion of mutation]
 27818 | Orc:2    | Gained mutation: You are partially covered in iridescent
                  | scales. (AC +2) [potion of mutation]
 28024 | Lair:1   | Killed DoubleLucky's ghost
 28034 | Lair:1   | Killed vandaahl's ghost
 28366 | Lair:3   | Reached XP level 17. HP: 168/168 MP: 26/26
 28460 | Lair:3   | Got the Compendium of Harmful Necromancy
 28461 | Lair:3   | Identified the +0 ring mail "Ryuted" {*Corrode rPois Dex+7}
 28602 | Lair:4   | Killed runemage's ghost
 28742 | Snake:1  | Entered Level 1 of the Snake Pit
 28843 | Snake:1  | Found a frozen archway.
 28911 | IceCv    | Entered an ice cave
 29148 | IceCv    | Noticed a lich
 29155 | IceCv    | Killed a lich
 29176 | IceCv    | Identified the ring of Gozag's Approval {rPois rN+ Slay+3
                  | Stlth+}
 29234 | IceCv    | Found an ancient bone altar of Kikubaaqudgha.
 30114 | Snake:2  | Got Jokuk's Disquisition on Spatial Arcane Weapons
 30164 | Snake:2  | Found a basalt altar of Yredelemnul.
 30361 | Snake:2  | Found a transporter.
 30847 | Snake:2  | Found a transporter.
 31076 | Snake:2  | Reached XP level 18. HP: 140/182 MP: 27/27
 31212 | Snake:3  | Found Ehob's Weapon Boutique.
 31282 | Snake:3  | Found Inibalof's General Store.
 31378 | Snake:3  | Found Uhium's Antique Armour Shoppe.
 31386 | Snake:3  | Bought a shimmering helmet for 247 gold pieces
 31386 | Snake:3  | Identified the +0 helmet of the Elephant {Fly MP-9 Int+2}
                  | (You bought it in a shop on level 3 of the Snake Pit)
 31408 | Snake:3  | Noticed Donald
 31623 | Snake:3  | Found Lozav's Antique Weapon Shop.
 31624 | Snake:3  | Noticed Asterion
 31631 | Snake:3  | Killed Asterion
 31804 | Snake:3  | Killed Donald
 31915 | Snake:4  | Entered Level 4 of the Snake Pit
 31925 | Snake:4  | Noticed Saint Roka
 32212 | Elf:1    | Entered Level 1 of the Elven Halls
 32324 | Elf:1    | Found Ynicvov's Distillery.
 32328 | Elf:1    | Found Piusk's Antique Armour Shop.
 32332 | Elf:1    | Bought a potion of heal wounds for 80 gold pieces
 32332 | Elf:1    | Bought a potion of heal wounds for 80 gold pieces
 32332 | Elf:1    | Bought a potion of curing for 48 gold pieces
 32332 | Elf:1    | Bought a potion of might for 64 gold pieces
 32450 | Elf:1    | Identified the ring "Buegaxi" {Fly rElec rPois rC+}
 33607 | Elf:2    | Found a runed translucent gate.
 33607 | Elf:2    | Found a runed translucent gate.
 33844 | Elf:2    | Found a runed translucent gate.
 33856 | Elf:2    | Identified the +10 dagger of Inquiry {drain, rElec}
 33965 | Elf:3    | Entered Level 3 of the Elven Halls
 34173 | Elf:3    | Paralysed by an air elemental for 1 turns
 34365 | Elf:3    | Paralysed by an air elemental for 1 turns
 34836 | Elf:3    | Noticed a deep elf blademaster
 34847 | Elf:3    | Reached XP level 19. HP: 155/193 MP: 28/28
 35169 | Swamp:1  | Entered Level 1 of the Swamp
 35206 | Swamp:1  | Noticed Jorgrun
 35214 | Swamp:1  | Killed Jorgrun
 35690 | Swamp:1  | Identified the +4 spear "Newt's Foe" {vorpal, rPois}
 36004 | Swamp:2  | Identified the +1 chain mail of Awe {rC+ rN+}
 36118 | Swamp:2  | Noticed a tentacled monstrosity
 36133 | Swamp:2  | Killed a tentacled monstrosity
 37184 | Swamp:4  | Entered Level 4 of the Swamp
 37830 | Swamp:4  | Noticed a tentacled monstrosity
 37838 | Swamp:4  | Killed a tentacled monstrosity
 37929 | Swamp:4  | Got a decaying rune of Zot
 38476 | Snake:2  | Reached XP level 20. HP: 205/205 MP: 29/29
 38501 | Snake:2  | Identified the +6 falchion "Nini" {flame, Int+4}
 38506 | Snake:2  | Identified the ring of Liam {Will- rCorr Str+2 Int+6}
 38517 | Snake:2  | Identified the ring "Qimyt" {Fire Int+8 Slay+3}
 38711 | Snake:4  | Found Koaqiubb's Firing Range.
 38739 | Snake:4  | Bought 2 throwing nets for 126 gold pieces
 38739 | Snake:4  | Bought a throwing net for 63 gold pieces
 39037 | Snake:4  | Killed Saint Roka
 39343 | Snake:4  | Found Padghyc's Antique Weapon Boutique.
 39843 | Snake:4  | Got a serpentine rune of Zot
 40186 | Elf:1    | Bought a twisted cloak for 304 gold pieces
 40186 | Elf:1    | Identified the +0 cloak of Nirriy {rElec} (You bought it in
                  | a shop on level 1 of the Elven Halls)
 40327 | Vaults:1 | Entered Level 1 of the Vaults
 40327 | Vaults:1 | Found Timiokh's Distillery.
 41015 | Vaults:1 | Reached skill level 27 in Axes
 41338 | Vaults:1 | Reached XP level 21. HP: 178/214 MP: 30/30
 41556 | Vaults:2 | Noticed Sojobo
 41556 | Vaults:2 | Noticed Margery
 41834 | Vaults:3 | Found a staircase to the Crypt.
 41853 | Crypt:1  | Entered Level 1 of the Crypt
 41880 | Crypt:1  | You are sucked into a shaft and drop 1 floor!
 42068 | Crypt:1  | Found a magical portal.
 42077 | WizLab   | Entered The Hall of the Hellbinder
 42208 | WizLab   | Got Sif Muna's Grimoire of the Entourage
 42423 | WizLab   | Identified the amulet "Sema" {Spirit rCorr SInv Stlth-}
 42427 | WizLab   | Identified the +7 demon trident of Duty {pain, rF++ rN++
                  | Str-3}
 42435 | WizLab   | Found a burning altar of Makhleb.
 42464 | WizLab   | Noticed Zemoarchi
 42469 | WizLab   | Killed Zemoarchi the Hellbinder
 42488 | WizLab   | Got Ymeng's Grimoire of Companions
 42492 | WizLab   | Identified the +2 hand crossbow of the Original Sin {penet,
                  | rElec rN+ Int+3 Dex+4}
 42729 | Crypt:1  | Reached XP level 22. HP: 184/231 MP: 31/31
 43270 | Crypt:2  | Identified the +8 plate armour of Nitios {Int+2}
 43485 | Crypt:2  | Reached skill level 27 in Fighting
 44050 | Crypt:3  | Entered Level 3 of the Crypt
 44327 | Crypt:3  | Found a staircase to the Tomb.
 44429 | Crypt:3  | Noticed an ancient lich
 44455 | Crypt:3  | Killed an ancient lich
 44710 | Crypt:3  | Reached skill level 10 in Dodging
 44886 | Crypt:3  | Noticed Jory
 44907 | Crypt:3  | Killed Jory
 45184 | Crypt:3  | Identified the +1 scale mail "Liyxkun" {rElec Regen+ Int+5
                  | Slay-3}
 45187 | Crypt:3  | Got Ceuntivy's Reference Book on Evil
 45809 | Vaults:3 | Identified the +1 plate armour "Xocong" {+Blink Str+2 Int+2
                  | Stlth-}
 45927 | Vaults:3 | Noticed a juggernaut
 45928 | Vaults:3 | Noticed a shard shrike
 45928 | Vaults:3 | a juggernaut changed into a shard shrike
 45929 | Vaults:3 | a shard shrike changed into a rockslime
 45931 | Vaults:3 | Noticed a shard shrike
 45931 | Vaults:3 | a rockslime changed into a shard shrike
 45936 | Vaults:3 | Killed a shard shrike
 46061 | Vaults:3 | Reached XP level 23. HP: 229/240 MP: 32/32
 46324 | Vaults:3 | Found Meocwaus's Armour Emporium.
 46913 | Vaults:4 | Found Fichoufo's Armour Shoppe.
 48033 | Vaults:2 | Reached skill level 15 in Armour
 48086 | Vaults:2 | You are sucked into a shaft and drop 2 floors!
 48226 | Vaults:2 | Killed Margery
 48718 | Vaults:2 | Killed Sojobo
 48860 | Vaults:2 | Found Siukh's Jewellery Emporium.
 48981 | Vaults:2 | Noticed Mara
 49014 | Vaults:2 | Noticed Amplified's illusion
 49014 | Vaults:2 | Killed Mara
 49015 | Vaults:2 | Reached XP level 24. HP: 83/249 MP: 32/32
 49595 | Depths:1 | Entered Level 1 of the Depths
 49960 | Depths:1 | Noticed Nikola
 49976 | Depths:1 | Killed Nikola
 50038 | Depths:1 | Found an iron altar of Okawaru.
 50313 | Depths:1 | Noticed Louise
 50322 | Depths:1 | Killed Louise
 50631 | Depths:2 | Found a gateway to a ziggurat.
 50663 | Depths:2 | Found Sar Wisch's Assorted Antiques.
 50707 | Depths:2 | Bought a scroll of fear for 154 gold pieces
 50707 | Depths:2 | Bought 2 potions of heal wounds for 440 gold pieces
 50707 | Depths:2 | Bought a scroll of teleportation for 132 gold pieces
 50707 | Depths:2 | Bought a potion of curing for 132 gold pieces
 50946 | Depths:2 | Found a runed translucent gate.
 50947 | Depths:2 | Found a runed translucent gate.
 50948 | Depths:2 | Found a runed translucent gate.
 50957 | Depths:2 | Noticed Iluqes's ghost (veteran MiBe)
 50957 | Depths:2 | Noticed lmSkywalker's ghost (adept DrTm)
 51112 | Depths:2 | Identified the amulet of the Firefly {Reflect Will+ Int+2
                  | SH+5}
 51689 | Depths:2 | Noticed a caustic shrike
 51694 | Depths:2 | Killed a caustic shrike
 51870 | Depths:2 | Noticed a juggernaut
 51876 | Depths:2 | Killed a juggernaut
 51877 | Depths:2 | Reached XP level 25. HP: 202/257 MP: 32/32
 52474 | Depths:2 | Killed Iluqes's ghost
 52475 | Depths:2 | Reached skill level 15 in Dodging
 52479 | Depths:2 | Killed lmSkywalker's ghost
 53447 | Depths:3 | Found an ancient bone altar of Kikubaaqudgha.
 53502 | Depths:3 | Found a one-way gate leading to the halls of Pandemonium.
 53843 | Depths:3 | Noticed a juggernaut
 53857 | Depths:3 | Killed a juggernaut
 53927 | Depths:3 | Noticed a juggernaut
 53928 | Depths:3 | Noticed a juggernaut
 54369 | Depths:3 | Killed a juggernaut
 54606 | Depths:3 | Killed a juggernaut
 54607 | Depths:3 | Reached XP level 26. HP: 221/266 MP: 32/32
 54613 | Depths:3 | Got the Incunabulum of Damage Dealing and the Mountains
 54845 | Depths:4 | Noticed Frederick
 54856 | Depths:4 | Killed Frederick
 55245 | Depths:4 | Noticed a juggernaut
 55255 | Depths:4 | Noticed a juggernaut
 55258 | Depths:4 | Killed a juggernaut
 55269 | Depths:4 | Killed a juggernaut
 55628 | Depths:4 | Noticed Xtahua
 55639 | Depths:4 | Killed Xtahua
 55645 | Depths:4 | Noticed Xutext's ghost (adept DsAK)
 55664 | Depths:4 | Found a transporter.
 55668 | Depths:5 | Entered Level 5 of the Depths
 56063 | Depths:5 | Found a bloodstained altar of Trog.
 56063 | Depths:5 | Found an ornate altar of the Wu Jian Council.
 56065 | Depths:5 | Found a bloodstained altar of Trog.
 56575 | Depths:5 | Found a gate to the Realm of Zot.
 56773 | Depths:5 | Noticed a juggernaut
 56787 | Depths:5 | Killed a juggernaut
 56973 | Depths:5 | Reached XP level 27. HP: 230/273 MP: 32/32
 58527 | Depths:4 | Found a transporter.
 58559 | Depths:4 | Killed Xutext's ghost
 58570 | Depths:4 | Identified the +7 plate armour of the Carpenter {rN+ Int+2}
 58579 | Depths:4 | Acquired 826 gold pieces
 58582 | Depths:4 | Identified the +2 hat "Ikustic" {Harm MP-9 SInv}
 58800 | Depths:4 | Upgraded the game from 0.27.1-2-g3b301248ec to
                  | 0.27.1-3-gb3d3a73c9e
 58822 | Depths:4 | Voluntarily entered the Abyss.
 59365 | Abyss:1  | Gained mutation: You sometimes lose the ability to read
                  | scrolls when taking damage. [a neqoxec]
 59398 | Abyss:1  | Learned a level 2 spell: Passwall
 59452 | Abyss:1  | Killed Psyche
 59550 | Abyss:1  | Found a viscous altar of Jiyva.
 59553 | Abyss:1  | Reached skill level 1 in Hexes
 59555 | Abyss:1  | Reached skill level 1 in Summonings
 59561 | Abyss:1  | Reached skill level 1 in Stealth
 59712 | Abyss:1  | Reached skill level 1 in Spellcasting
 59878 | Abyss:2  | Found a corrupted altar of Lugonu.
 59993 | Abyss:2  | Acquired a +0 executioner's axe of flaming
 60042 | Abyss:2  | Gained mutation: You are frail. (-10% HP) [a neqoxec]
 60044 | Abyss:2  | Identified the +2 chain mail of the Foremost Princes
                  | {Rampage rN++ Str+5}
 60335 | Abyss:3  | Reached skill level 5 in Hexes
 60385 | Abyss:3  | Reached skill level 5 in Summonings
 60388 | Abyss:3  | Got an abyssal rune of Zot
 60415 | Depths:4 | Escaped the Abyss
 60459 | Depths:4 | Lost mutation: You are frail. (-10% HP) [potion of
                  | mutation]
 60459 | Depths:4 | Lost mutation: You expend magic power (3 MP) to strengthen
                  | your wands. [potion of mutation]
 60459 | Depths:4 | Lost mutation: You possess an exceptional clarity of mind.
                  | [potion of mutation]
 60459 | Depths:4 | Lost mutation: You are partially covered in iridescent
                  | scales. (AC +2) [potion of mutation]
 60473 | Depths:4 | Lost mutation: You are strong-willed. (Will+) [potion of
                  | mutation]
 60473 | Depths:4 | Lost mutation: You sometimes lose the ability to read
                  | scrolls when taking damage. [potion of mutation]
 60915 | Vaults:5 | Entered Level 5 of the Vaults
 60923 | Vaults:5 | Noticed Mennas
 60952 | Vaults:5 | Reached skill level 5 in Stealth
 61294 | Vaults:5 | Identified the +0 chain mail of Not Zie {Drain Str+3 Int+6}
 61310 | Vaults:5 | Identified the +2 mace "Gram" {vorpal, rPois Int+4}
 61625 | Vaults:5 | Identified the amulet of a Billion Teeth {RegenMP rPois
                  | Slay+2}
 61866 | Vaults:5 | Reached skill level 5 in Spellcasting
 62307 | Vaults:5 | Identified the ring of Wonut {rN+ Int+5}
 62403 | Vaults:5 | Reached skill level 10 in Hexes
 62408 | Vaults:5 | Reached skill level 10 in Summonings
 62508 | Vaults:5 | Got a silver rune of Zot
 63147 | Vaults:5 | Reached skill level 10 in Stealth
 63786 | Vaults:5 | Found Viedeadgh's Jewellery Shoppe.
 63787 | Vaults:5 | Found Honoqisk's Antique Armour Shop.
 64282 | Slime:1  | Entered Level 1 of the Pits of Slime
 64309 | Slime:1  | Reached skill level 1 in Evocations
 64927 | Slime:2  | Reached skill level 5 in Evocations
 66152 | Slime:4  | Paralysed by a floating eye for 2 turns
 66589 | Slime:5  | Entered Level 5 of the Pits of Slime
 66600 | Slime:5  | Noticed the Royal Jelly
 66608 | Slime:5  | Paralysed by a floating eye for 2 turns
 66611 | Slime:5  | Paralysed by a floating eye for 4 turns
 67052 | Slime:5  | Reached skill level 10 in Evocations
 67437 | Slime:5  | Paralysed by a floating eye for 4 turns
 67795 | Slime:5  | Gained mutation: Your magical capacity is low. (-10% MP) [a
                  | shining eye]
 67885 | Slime:5  | Learned a level 6 spell: Shadow Creatures
 68180 | Slime:5  | Found a viscous altar of Jiyva.
 68184 | Slime:5  | Found the +6 arbalest "Damnation" {damnation}
 68339 | Slime:5  | Killed the Royal Jelly
 68385 | Slime:5  | Got a slimy rune of Zot
 68397 | Slime:5  | Identified the +12 morningstar of Mizabrah {spect, rF+
                  | Stlth+}
 68449 | Slime:5  | Identified the +5 ring mail of Noon {rF+ Str-2 Stlth+}
 68474 | Slime:5  | Identified the +7 hand crossbow of Ruduzef {speed, Fly
                  | Str-5 Int+4 Dex+6}
 68500 | Slime:5  | Acquired the ring of Zoth {Drain rN+ Will+++ Str+6 SInv}
 68878 | Zig:1    | Entered Level 1 of a ziggurat
 68894 | Zig:2    | Entered Level 2 of a ziggurat
 68918 | Zig:3    | Entered Level 3 of a ziggurat
 68937 | Zig:4    | Entered Level 4 of a ziggurat
 68940 | Zig:4    | Noticed Ahuatoet the pandemonium lord
 68948 | Zig:4    | Killed Ahuatoet the pandemonium lord
 68959 | Zig:4    | Got the Tome of Creation
 68963 | Zig:5    | Entered Level 5 of a ziggurat
 68983 | Zig:5    | Identified the +4 scimitar "Acytuh" {vorpal, Will+ Int+7
                  | Dex+7}
 69056 | Zig:6    | Entered Level 6 of a ziggurat
 69062 | Zig:6    | Found the +10 morningstar "Eos" {elec, Halo rElec}
 69122 | Zig:7    | Entered Level 7 of a ziggurat
 69140 | Zig:7    | Identified the amulet of Giex {Reflect rC+ Regen+ SH+5}
 69443 | Zig:7    | Identified the +7 longbow of Poverty {vorpal, rPois rCorr
                  | MP+9 Str-4}
 69462 | Zig:8    | Entered Level 8 of a ziggurat
 69499 | Zig:8    | Identified the ring "Fatacsuj" {rPois Int+4 Dex+2}
 69514 | Zig:9    | Entered Level 9 of a ziggurat
 69521 | Zig:9    | Found the +3 pair of gauntlets of War {Slay+5}
 69530 | Zig:9    | Reached skill level 10 in Spellcasting
 69563 | Zig:9    | Identified the ring "Pehaseh" {rCorr Str+6}
 69569 | Zig:9    | Identified the +3 ring mail of the Hills {Will+ Regen+
                  | Int+4 Stlth+}
 69593 | Zig:10   | Entered Level 10 of a ziggurat
 69610 | Zig:10   | HP: 10/273 [stone giant (22)]
 69610 | Zig:10   | Slain by an iron dragon

Illustrated notes

Levels and vault maps discovered:
D:1:      dpeg_arrival_ratfight, layout_basic, shapermc_ecumenical_altar_ellora
D:2:      layout_loops_ring
D:3:      layout_loops_ring, uniq_jessica, uniq_terence
D:4:      layout_loops_ring, tgw_trog, nicolae_ru_sacrificial_ziggurat,
          kennysheep_cluttered_room
D:5:      layout_basic, uniq_blork_the_orc
D:6:      layout_rooms, cheibrodos_sewer_entry_bend,
          nicolae_ossuary_entry_monument, uniq_edmund
D:7:      layout_cave_pods, evilmike_ruin_ashenzari, zin_scriptorium,
          minmay_temple_entry_sparse_star
D:8:      layout_gridville, minmay_lair_entry_grove, serial_shops,
          nicolae_shop_trees, kennysheep_opposing_triangles, uniq_psyche,
          uniq_maurice, uniq_erica
D:9:      layout_long_grid
D:10:     layout_loops_ring, erik_orc_4
D:11:     layout_gridville, minmay_misc_feat_five,
          hellmonk_guarded_unrand_frostbite
D:12:     layout_loops_ring
D:13:     layout_long_grid, david_vaults_3, nicolae_qazlal_eye_of_the_storm
D:14:     minmay_the_grid_triangle_9x9_recursive_2_mashed
          [minmay_the_grid_triangle_9x9_prize_top_heavy,
          minmay_the_grid_triangle_9x9_shrine,
          minmay_the_grid_triangle_9x9_corruption,
          minmay_the_grid_triangle_9x9_thin_v], layout_cave_pools, serial_shops,
          shop, hangedman_decor_clover_reticule
D:15:     grunt_enter_depths_hoard, layout_rooms, serial_park_gazebo
          [serial_park_minivault_5x5_4], serial_shops, shop, minmay_radiant,
          uniq_nessos
Temple:   regret_index_temple_mists
Lair:1:   layout_big_grid, gammafunk_ghost_cemetery, lemuel_oklob_altar,
          grunt_megastairs_5
Lair:2:   beast_lair_carwin_large_3, layout_hall_layers,
          minmay_lair_oklob_chamber
Lair:3:   gammafunk_mikee_crab_dinner, layout_concentric_octagons,
          nicolae_swamp_entry_splash_gauntlet,
          minmay_snake_entry_guardpost_small, infiniplex_staircase_pool_2
Lair:4:   layout_gridlike, gammafunk_ghost_abyssal_escape
Lair:5:   layout_regular_city, uniq_josephine, uniq_kirke
Lair:6:   evil_forest, layout_regular_city, slime_dummy, st_stairs_13
Swamp:1:  layout_falls_marsh, hangedman_swamp_ruin_wall, swamp_pool3,
          nicolae_swamp_treefoil, uniq_jorgrun
Swamp:2:  layout_basic_swamp, evilmike_swamp_ruin_house_4
Swamp:3:  nicolae_swamp_secret_spriggan_hideout, layout_basic_swamp,
          serial_swamp_ruin, evilmike_swamp_ruin_house_1,
          evilmike_swamp_ruin_house_5, swamp_pool1
Swamp:4:  swamp_alternative, layout_basic_swamp, swamp_pool1
Snake:1:  layout_misc_corridors, portal_ice_cave_entry_ugly_swarm
Snake:2:  gammafunk_its_a_trap, layout_chambers, basic_altar, lemuel_fruit_tree
Snake:3:  layout_rooms, serial_shops, nicolae_diamond_shop,
          nicolae_shop_waterfront, nicolae_shop_temple_entry_statues_fountains,
          shop, serial_bayou_pond_d, uniq_asterion, uniq_donald
Snake:4:  minmay_snake_end_coiled, layout_grid_shapes, serial_shops,
          nicolae_shop_stone, nicolae_shop_firing_range, uniq_saint_roka
Slime:1:  layout_caves
Slime:2:  layout_caves, nicolae_slime_phagocytosis
Slime:3:  layout_caves
Slime:4:  layout_caves
Slime:5
Orc:1:    layout_caves, nicolae_orc_rockfall, nicolae_alphabet_shops,
          uniq_nergalle
Orc:2:    st_orc_rangers, layout_diamond_mine, hangedman_minor_magic
Elf:1:    minmay_elf_arrival_summoners, layout_gridlike,
          kennysheep_underground_church, minmay_shop_star, lemuel_upstairs_altar
Elf:2:    elven_hall_of_blades_hangedman_original
          [nicolae_vaults_blade_armed_guards], layout_gridlike,
          serial_corexii_hall, corexii_hall_statues_i, corexii_hall_statues_x,
          corexii_hall_statues_i, chequers_hall_statues_corner_a, uniq_agnes
Elf:3:    minmay_elf_hall_quartered_circle, layout_geoelf_castle
Vaults:1: vaults_room_hallway, vaults_dpeg_hooks, vaults_room_fancy_cross,
          st_octagons_1, v_misc_25, ontoclasm_vaults_twist,
          nicolae_vaults_alarming, nicolae_vaults_diagonal_hallway_9,
          layout_vaults_maze_snakey, serial_shops,
          nicolae_shop_temple_entry_statues_fountains
Vaults:2: ontoclasm_vaults_pinch, nicolae_vaults_diagonal_hallway_8, v_misc_9,
          nicolae_vaults_little_squares_6, hangedman_vaults_cutoff,
          nicolae_vaults_diagonal_hallway_9, hangedman_vaults_stagger,
          ontoclasm_vaults_chip, hangedman_vaults_stream,
          hangedman_vaults_corner_blocks, vaults_room_pool,
          nicolae_vaults_little_squares_1, nicolae_vaults_border_crossing,
          layout_vaults_big_room, serial_shops, nicolae_shop_waterfront,
          uniq_mara, uniq_sojobo, uniq_margery
Vaults:3: ontoclasm_vaults_loading_screen, ontoclasm_vaults_fault,
          minmay_crypt_entry_simple_corners, v_rooms_4,
          vaults_room_hangedman_quadrants, vaults_room_corners,
          hangedman_vaults_slither, hangedman_vaults_slice, v_misc_4,
          vaults_mumra_hexcomb, ontoclasm_vaults_hangar, layout_vaults_omnibox,
          serial_shops, nicolae_shop_trees
Vaults:4: nicolae_vaults_triangles, hangedman_vaults_capsules,
          vaults_room_door_hall, nicolae_vaults_specimen_jars,
          hangedman_vaults_corner, v_misc_13, nicolae_vaults_network_periphery,
          hangedman_vaults_pinch, nicolae_vaults_asterisk,
          nicolae_vaults_little_squares_2, ontoclasm_vaults_decontamination,
          serial_ice_h, layout_vaults_omnigrid, serial_shops, shop
Vaults:5: uniq_mennas
Crypt:1:  layout_chaotic_city, mu_enter_wizlab_5, grunt_crypt_arrival_split,
          grunt_megastairs_4
Crypt:2:  layout_misc_corridors, minivault_14, wad_floor_pattern_1
Crypt:3:  due_elkab, layout_chaotic_city, serial_sigils_hangedman_confine
Depths:1: layout_cave_shapes, kennysheep_small_spiral,
          pf_vacation_house_of_asmodeus, nicolae_abyss_entry_one_way_or_another,
          okawaru_altar_gauntlet_db, serial_bayou_shore_a, uniq_nikola
Depths:2: cell_vault, layout_cave_pools, enter_ziggurat_d, pf_coc_iceberg,
          serial_shops, nicolae_inconvenience_store, gammafunk_ghost_cemetery,
          minmay_librarian
Depths:3: lemuel_castle_with_subvaults [lemuel_castle_interior_carwin_3],
          layout_cave_pools, rand_demon_pan_entry_3, hell_entry,
          serial_column_ruins, column_ruins_hut, column_ruins_grid_3,
          column_ruins_grid_1, column_ruins_open_tiny, column_ruins_grid_4,
          kiku_gazebo_garden_becter, hangedman_abyss_entry_splay,
          grunt_ministairs_9, serial_bayou_shore_b
Depths:4: hangedman_cross_veins, layout_gridville, grunt_hell_entry_dis_grunt,
          gammafunk_ghost_berserking_beasts, abyss_entry_crystal,
          grunt_megastairs_2, uniq_xtahua, uniq_frederick
Depths:5: hangedman_slaughterboxes, serial_shops, pan_entry, hell_entry
Zig:10

Skill      XL: |  1  2  3  4  5  6  7  8  9 10 11 12 13 14 15 16 17 18 19 20 21 22 23 24 25 26 27 |
---------------+----------------------------------------------------------------------------------+-----
Dodging        | 1 2 3 4 5 6 7 8 10 13 14 16 17 18 | 18.9
Axes           | 3 4 7 12 15 18 20 21 23 24 27 | 27.0
Fighting       | 4 5 7 8 9 10 11 13 15 17 19 21 22 23 24 26 27 | 27.0
Invocations    | 3 4 5 7 8 9 11 12 | 12.6
Armour         | 3 4 5 7 8 9 10 13 16 18 20 22 23 | 23.4
Polearms       | 1 2 4 5 7 8 |  8.9
Hexes          | 12 | 12.9
Summonings     | 13 | 13.7
Stealth        | 11 | 11.8
Spellcasting   | 10 | 10.2
Evocations     | 12 | 12.0

Action                   |  1- 3 |  4- 6 |  7- 9 | 10-12 | 13-15 | 16-18 | 19-21 | 22-24 | 25-27 || total
-------------------------+-------+-------+-------+-------+-------+-------+-------+-------+-------++-------
Melee: Hand axe          |    94 |   210 |       |       |       |       |       |       |       ||   304
       Trident           |       |    95 |   362 |   121 |       |       |       |       |       ||   578
       Spear             |       |       |       |   568 |   107 |       |    98 |       |       ||   773
       Executioner's axe |       |       |       |   113 |   704 |   856 |   965 |  1163 |  1905 ||  5706
       Unarmed           |       |       |       |       |     1 |       |       |       |       ||     1
Throw: Javelin           |       |     1 |     5 |       |       |       |       |       |       ||     6
       Throwing net      |       |       |     1 |       |       |     1 |     1 |     1 |     2 ||     6
       Dart              |       |       |       |     1 |       |     1 |       |       |       ||     2
Invok: Depart the Abyss  |     1 |       |       |       |       |       |       |       |       ||     1
       Banish            |       |       |    10 |    11 |     8 |     1 |     1 |       |       ||    31
       Bend Space        |       |       |     2 |     1 |       |       |       |       |       ||     3
Evoke: Wand              |     3 |     8 |    26 |    19 |    16 |     7 |     3 |     2 |     1 ||    85
       Phial of floods   |       |       |       |     2 |       |       |       |       |       ||     2
       Lightning rod     |       |       |       |       |       |     1 |       |       |     1 ||     2
       Condenser vane    |       |       |       |       |       |       |     2 |     2 |     7 ||    11
       Tin of tremorston |       |       |       |       |       |       |       |     1 |     7 ||     8
       Phantom mirror    |       |       |       |       |       |       |       |       |     1 ||     1
  Use: Potion            |     2 |     5 |    17 |     2 |    11 |    12 |    10 |     6 |    26 ||    91
       Scroll            |       |    13 |     6 |     8 |    13 |     9 |     7 |     1 |    29 ||    86
 Stab: Sleeping          |     1 |       |       |     1 |       |       |       |       |    13 ||    15
       Paralysed         |       |     9 |       |       |       |       |       |       |       ||     9
       Invisible         |       |     1 |       |       |    29 |     2 |     8 |       |       ||    40
       Confused          |       |       |       |       |       |       |     1 |       |       ||     1
       Distracted        |       |       |       |       |       |       |       |       |     2 ||     2
       Held in net/web   |       |       |       |       |       |       |       |       |     2 ||     2
Armor: Leather armour    |    10 |    43 |       |       |       |       |       |       |       ||    53
       Chain mail        |       |   170 |   143 |   363 |   858 |   673 |   868 |   520 |   822 ||  4417
       Skin              |       |       |     7 |       |       |       |       |       |       ||     7
       Steam dragon scal |       |       |    23 |    74 |       |       |       |       |       ||    97
       Ring mail         |       |       |       |       |       |       |       |       |    68 ||    68
Dodge: Dodged            |    50 |   183 |   129 |   378 |   545 |   328 |   524 |   410 |   964 ||  3511
Block: Other             |       |       |       |       |       |       |       |     9 |   252 ||   261
       Reflection        |       |       |       |       |       |       |       |       |     6 ||     6
